 Dungeon Crawl Stone Soup version 0.29-a0-757-g358383bc75 (webtiles) character file.

Game seed: 14640257751398337504

98 Mgcat the Trooper (level 4, 0/49 HPs)
             Began as an Ogre Fighter on June 29, 2022.
             Slain by a hobgoblin (4 damage)
             ... on level 3 of the Dungeon on June 30, 2022.
             The game lasted 00:02:14 (1613 turns).

Mgcat the Trooper (Ogre Fighter)                    Turns: 1613, Time: 00:02:14

Health: 0/49       AC: -1    Str: 26    XL:     4   Next: 71%
Magic:  4/4        EV:  9    Int:  9    God:
Gold:   136        SH:  7    Dex: 10    Spells: 3/3 levels left

rFire   . . .      SeeInvis .   a - +0 war axe
rCold   + . .      Faith    .   c - +0 kite shield
rNeg    . . .      Spirit   .   b - +0 robe
rPois   .          Reflect  .   (helmet restricted)
rElec   .          Harm     .   (no cloak)
rCorr   .          Rampage  .   (gloves unavailable)
Will    .....                   (boots unavailable)
Stlth   +.........              (no amulet)
HPRegen 0.16/turn               i - +6 ring of strength
MPRegen 0.09/turn               n - ring of protection from cold {rC+, !d}

@: corroded
A: large, unfitting armour, tough skin 1
a: no special abilities


You were on level 3 of the Dungeon.
You visited 1 branch of the dungeon, and saw 3 of its levels.

You collected 136 gold pieces.

Inventory:

Hand Weapons
 a - a +0 war axe (weapon)
Armour
 b - a +0 robe (worn)
 c - a +0 kite shield (worn)
Jewellery
 i - a +6 ring of strength (left hand)
   (You found it on level 1 of the Dungeon)
 n - a ring of protection from cold (right hand) {rC+, !d}
   (You found it on level 2 of the Dungeon)
Scrolls
 g - a scroll of immolation {unknown}
 h - 4 scrolls of identify {unknown}
 k - a scroll of enchant weapon {unknown}
 l - a scroll of poison {unknown}
Potions
 d - 2 potions of might
 e - a potion of mutation {unknown}
 f - 2 potions of haste {unknown}
 j - 3 potions of curing {unknown}
 m - 3 potions of degeneration {unknown}


   Skills:
 + Level 4.7 Fighting
 * Level 3.3 Axes
 + Level 3.2 Dodging
 + Level 3.6 Shields


You had 3 spell levels left.
You didn't know any spells.
Your spell library was empty.

Dungeon Overview and Level Annotations

Branches:
Dungeon (3/15)

Altars:


Innate Abilities, Weirdness & Mutations

You are too large for most types of armour.
You have tough skin. (AC +1)


Message History

You take 3 damage, and have 46/49 hp.
You barely miss the hobgoblin.
The hobgoblin hits you but does no damage.
The hobgoblin hits you.
You take 1 damage, and have 45/49 hp.
You slash the hobgoblin!
You kill the hobgoblin!
No target in view!
No target in view!
There is an open door, spattered with blood here.
You open the door.
There is an open door here.
n - a ring of protection from cold {rC+, !d} Health restored: 49
n - a ring of protection from cold (right hand) {rC+, !d}
m - 3 metallic silvery potions (gained 1)
h - 3 scrolls labelled SAIBEW YNTYGHOKH (gained 1)
Found a stone staircase leading down.
j - 3 clear potions (gained 1)
Found a stone staircase leading up.
There is an open door here.
You open the door.
There is an open door here.
h - 4 scrolls labelled SAIBEW YNTYGHOKH (gained 1)
You open the door.
There is an open door here.
There is an open door here.
Done exploring.
Done exploring.
Done exploring.
Done exploring.
Done exploring.
Done exploring.
(D) Dungeon
Where to? (? - help)
What level of the Dungeon? (default 1, ? - help)
There is a stone staircase leading down here.
You climb downwards.
Marking area around a jelly as unsafe for travelling.
There is a stone staircase leading up here.
There are monsters nearby!
Spoiler Alert: The jelly (asleep) can corrode equipment in melee!
No reachable target in view!
Lua error: [string "/dgldir/rcfiles/crawl-git/Mgcat.rc"]:930: invalid capture index No reachable target in view!
Lua error: [string "/dgldir/rcfiles/crawl-git/Mgcat.rc"]:930: invalid capture index No reachable target in view!
Lua error: [string "/dgldir/rcfiles/crawl-git/Mgcat.rc"]:930: invalid capture index Unknown command.
Spoiler Alert: The jelly (asleep) can corrode equipment in melee!
Unknown command.
Lua error: [string "/dgldir/rcfiles/crawl-git/Mgcat.rc"]:930: invalid capture index Unknown command.
Lua error: [string "/dgldir/rcfiles/crawl-git/Mgcat.rc"]:930: invalid capture index No reachable target in view!
Lua error: [string "/dgldir/rcfiles/crawl-git/Mgcat.rc"]:930: invalid capture index No reachable target in view!
Spoiler Alert: The jelly (asleep) can corrode equipment in melee!
No reachable target in view!
Lua error: [string "/dgldir/rcfiles/crawl-git/Mgcat.rc"]:930: invalid capture index The jelly quivers.
The endoplasm quivers.
Spoiler Alert: The jelly can corrode equipment in melee!
The hobgoblin barely misses you.
You barely miss the hobgoblin. The hobgoblin barely misses you.
You hit the hobgoblin.
The hobgoblin is severely wounded.
You hit the endoplasm. You block the endoplasm's attack.
The hobgoblin barely misses you. You block the hobgoblin's attack.
The endoplasm barely misses you. The jelly closely misses you.
Spoiler Alert: The jelly can corrode equipment in melee!
You hit the endoplasm.
You kill the endoplasm!
You hit the jelly.
Your hands burn!
You barely miss the hobgoblin. You block the hobgoblin's attack.
The jelly hits you. The acid corrodes you!
You are splashed with acid!
You take 12 damage, and have 37/49 hp.
MASSIVE DAMAGE!!
Spoiler Alert: The jelly can corrode equipment in melee!
You hit the hobgoblin but do no damage.
The hobgoblin is heavily wounded.
You hit the jelly.
Your hands burn!
You block the hobgoblin's attack. You block the jelly's attack.
You take 3 damage, and have 34/49 hp.
You are too injured to fight recklessly!
Spoiler Alert: The jelly can corrode equipment in melee!
You are too injured to fight recklessly!
You are too injured to fight recklessly!
You hit the jelly but do no damage.
Your hands burn!
The jelly is severely wounded.
You hit the hobgoblin. The jelly hits you. The acid corrodes you!
You are splashed with acid.
The hobgoblin barely misses you. You block the hobgoblin's attack.
The jelly hits you.
You are splashed with acid!
* * * LOW HITPOINT WARNING * * *
You take 26 damage, and have 8/49 hp.
MASSIVE DAMAGE!!
Spoiler Alert: The jelly can corrode equipment in melee!
You hit the jelly but do no damage.
Your hands burn!
* * * LOW HITPOINT WARNING * * *
The jelly is severely wounded.
You closely miss the hobgoblin. The hobgoblin hits you.
You die...

. . #. #
###.########.#
.............###)
#.$....<.......
###..........####
......g@...).#
##......J....#
#...........#
#.......(...#
!............#
.##.........##
......#####
########


You could see a jelly and a hobgoblin.

Vanquished Creatures
  4 adders (D:2)
  A dart slug (D:1)
  6 ball pythons
  4 endoplasms
  8 giant cockroaches (D:1)
  A goblin (D:1)
  5 hobgoblins
  6 jackals
  2 kobolds
  4 quokkas (D:1)
  5 bats
  2 frilled lizards (D:1)
  6 rats
54 creatures vanquished.

Notes
Turn   | Place    | Note
-------+----------+-------------------------------------------
     0 | D:1      | Mgcat the Ogre Fighter began the quest for the Orb.
     0 | D:1      | Reached XP level 1. HP: 24/24 MP: 1/1
     1 | D:1      | Found a runed translucent door.
   143 | D:1      | Reached XP level 2. HP: 32/32 MP: 2/2
   491 | D:1      | Reached XP level 3. HP: 40/40 MP: 3/3
   785 | D:1      | Reached skill level 3 in Dodging
  1017 | D:2      | Reached skill level 3 in Axes
  1021 | D:2      | Reached XP level 4. HP: 49/49 MP: 4/4
  1229 | D:2      | Upgraded the game from 0.29-a0-732-g3d7fbe0af2 to
                  | 0.29-a0-757-g358383bc75
  1612 | D:3      | HP: 8/49 [acid (12)]
  1613 | D:3      | HP: 3/49 [acid (5)]
  1613 | D:3      | Slain by a hobgoblin

Illustrated notes

Levels and vault maps discovered:
D:1:      dpeg_arrival_caged_fury, layout_basic, serial_bayou_pond_e
D:2:      layout_basic
D:3:      layout_loops_ring, shapermc_ecumenical_altar_pompeii, uniq_natasha

Skill      XL: |  1  2  3 |
---------------+----------+-----
Dodging        | 3 |  3.2
Axes           | 3 |  3.3
Fighting       | |  4.7
Shields        | |  3.6

Action                   |  1- 3 |  4- 6 || total
-------------------------+-------+-------++-------
Melee: War axe           |    67 |    49 ||   116
Armor: Robe              |    39 |    11 ||    50
Dodge: Dodged            |    29 |    28 ||    57
Block: Kite shield       |    22 |    25 ||    47

Table legend: (Time is in decaauts)
 A = Elapsed time spent in this place.
 B = Non-inter-level travel time spent in this place.
 C = Inter-level travel time spent in this place.
 D = Time resting spent in this place.
 E = Time spent auto-exploring this place.
 F = Levels seen in this place.
 G = Mean time per level.
                   A        B        C        D        E       F      G
               +--------+--------+--------+--------+--------+-----+--------+
         Total |   1669 |   1646 |     23 |     22 |   1336 |   3 |  556.3 |
       Dungeon |   1669 |   1646 |     23 |     22 |   1336 |   3 |  556.3 |
               +--------+--------+--------+--------+--------+-----+--------+

Top non-repeatable levels by time:
     D:1: 935 daAuts
     D:2: 723 daAuts
     D:3: 10 daAuts

Table legend:
 A = Kills in this place as a percentage of kills in entire the game.
 B = Kills by you in this place as a percentage of kills by you in the entire game.
 C = Kills by friends in this place as a percentage of kills by friends in the entire game.
 D = Other kills in this place as a percentage of other kills in the entire game.
 E = Experience gained in this place as a percentage of experience gained in the entire game.
 F = Experience gained in this place divided by the number of levels of this place that you have seen.
                   A       B       C       D       E      F
               +-------+-------+-------+-------+-------+----------------------
         Total | 100.0 | 100.0 |   N/A |   N/A | 100.0 |  47.0
       Dungeon | 100.0 | 100.0 |   N/A |   N/A | 100.0 |  47.0
               +-------+-------+-------+-------+-------+----------------------
